 Dungeon Crawl Stone Soup version 0.30.0-5-g1a98f26d00 (webtiles) character file.

Game seed: 13089953194023186150

1029 BillyBaka the Poker (level 8, -4/70 HPs)
             Began as a Minotaur Fighter on May 9, 2023.
             Was a Believer of Okawaru.
             Slain by a two-headed ogre
             ... wielding a +0 great mace
              (7 damage)
             ... on level 5 of the Dungeon.
             The game lasted 00:12:39 (4509 turns).

BillyBaka the Poker (Minotaur Fighter)              Turns: 4509, Time: 00:12:45

Health: -4/70      AC: 12    Str: 21 (22) XL:     8   Next: 3%
Magic:  8/8        EV: 10    Int:  2 (5)  God:    Okawaru [**....]
Gold:   258        SH:  4    Dex:  8 (11) Spells: 7/7 levels left

rFire   . . .        a - +0 trident
rCold   . . .        c - +0 buckler
rNeg    + . .        n - +2 scale mail "Cooteppo" {Fly rN+}
rPois   .            (helmet restricted)
rElec   .            (no cloak)
rCorr   +            u - +0 pair of gloves
SInv    .            j - +0 pair of boots
Will    .....        (no amulet) Stlth
                     e - ring of resist corrosion
HPRegen 0.31/turn    (no ring)
MPRegen 0.11/turn

%: no passive effects
@: flying
A: horns 2, retaliatory headbutt
a: Renounce Religion, Heroism


You were on level 5 of the Dungeon.
You worshipped Okawaru.
Okawaru was pleased with you.
You visited 1 branch of the dungeon, and saw 5 of its levels.

You collected 278 gold pieces.
You spent 20 gold pieces at shops.

Inventory:

Hand Weapons
 a - a +0 trident (weapon)
Missiles
 b - a boomerang of dispersal (quivered)
Armour
 c - a +0 buckler (worn)
 j - a +0 pair of boots (worn)
 n - the +2 scale mail "Cooteppo" (worn) {Fly rN+}
   (You found it on level 4 of the Dungeon)

   rN:        It protects you from negative energy.
   Fly:       It grants you flight.
 t - a +2 leather armour of fire resistance
 u - a +0 pair of gloves (worn)
Jewellery
 e - a ring of resist corrosion (left hand)
Wands
 z - a wand of quicksilver (4)
Scrolls
 g - a scroll of torment
 h - a scroll of poison
 i - a scroll of immolation
 m - 2 scrolls of amnesia {unknown}
 p - a scroll of enchant weapon
 r - a scroll of enchant armour
 v - 3 scrolls of magic mapping {unknown}
 w - a scroll of teleportation {unknown}
 y - a scroll of brand weapon {unknown}
Potions
 d - a potion of might
 f - 2 potions of lignification
 k - a potion of mutation {unknown}
 l - a potion of invisibility {unknown}
 o - a potion of heal wounds {unknown}
 s - a potion of ambrosia {unknown}
 x - a potion of brilliance {unknown}


   Skills:
 + Level 5.7 Fighting
 * Level 6.7 Polearms
 + Level 5.5 Armour
 + Level 3.8 Dodging
 + Level 5.6 Shields
 + Level 2.0 Invocations


You had 7 spell levels left.
You didn't know any spells.
Your spell library contained the following spells:

 Spells                   Type           Power      Damage    Failure   Level
 Apportation              Tloc           0%         N/A       90%         1
 Necrotise                Necr           0%         1d4       90%         1
 Blink                    Tloc           0%         N/A       97%         2
 Lesser Beckoning         Tloc           0%         N/A       97%         2
 Momentum Strike          Conj/Tloc      0%         3d8       97%         2
 Dazzling Flash           Conj/Hex       0%         N/A       99%         3
 Volatile Blastmotes      Fire/Tloc      0%         2d10      99%         3
 Iskenderun's Mystic Bla  Conj/Tloc      0%         2d3       100%        4
 Starburst                Conj/Fire      0%         6d3       100%        6
 Summon Small Mammal      Summ           Unusable   N/A       N/A         1

Dungeon Overview and Level Annotations

Branches:
Dungeon (5/15)
 Temple: D:4-7

Altars:
Nemelex Xobeh
Okawaru
Uskayaw

Shops:
D:2 [?=   D:4 *

Annotations:
D:5 4 runed translucent doors


Innate Abilities, Weirdness & Mutations

You have a pair of horns on your head.
You reflexively headbutt those who attack you in melee.


Message History

The two-headed ogre blinks!
The two-headed ogre is lightly wounded.
The two-headed ogre hits you with a +0 great mace!
The two-headed ogre hits you with a +0 giant club!
You hit the two-headed ogre. You headbutt the two-headed ogre.
The two-headed ogre is lightly wounded.
You hit the two-headed ogre but do no damage.
The two-headed ogre is lightly wounded.
The two-headed ogre hits you but does no damage.
The two-headed ogre hits you with a +0 giant club!
You barely miss the two-headed ogre.
The two-headed ogre is lightly wounded.
The two-headed ogre completely misses you. x2
You puncture the two-headed ogre!
The two-headed ogre is moderately wounded.
You hit the two-headed ogre.
Your headbutt misses the two-headed ogre.
The two-headed ogre is heavily wounded.
The two-headed ogre hits you with a +0 great mace!
The two-headed ogre hits you with a +0 giant club!
* * * LOW HITPOINT WARNING * * *
You closely miss the two-headed ogre.
The two-headed ogre is heavily wounded.
The two-headed ogre closely misses you. x2
You hit the two-headed ogre.
The two-headed ogre is heavily wounded.
You puncture the two-headed ogre!
The two-headed ogre is severely wounded.
The two-headed ogre hits you with a +0 great mace!
* * * LOW HITPOINT WARNING * * *
The two-headed ogre hits you with a +0 giant club.
* * * LOW HITPOINT WARNING * * *
Okay, then.
It was a potion of degeneration.
There was something very wrong with that liquid.
You feel weakened.
You feel dopey.
You feel clumsy. The two-headed ogre closely misses you.
You furiously retaliate!
You headbutt the two-headed ogre!
The two-headed ogre hits you with a +0 giant club!
You die...

##........# #..#
#..##++##.+ #..#
..##8oh8### #..#
#.#8..o.8# ##.##
#.#).....# #..#
#.#......# #####..#
#.#8....8# ...##.#
#.##8y.8#######..#.#
#..##++##.†.#.##@#.#
##........#..#.#O#.#
##.....##.#.####.#.#
...#..<##.##....##.#
##.....##..######..#
.......###........##
...#... ##########
.### >#


You could see a two-headed ogre.

Vanquished Creatures
  Grinder (D:3)
  An ice beast (D:4)
  A phantom (D:5)
  A wyvern zombie (D:5)
  A water moccasin skeleton (D:5)
  A bullfrog zombie (D:5)
  A bullfrog skeleton (D:5)
  5 hounds (D:5)
  A sleepcap (D:5)
  Jessica (D:2)
  2 iguanas
  Robin (D:2)
  A howler monkey zombie (D:5)
  10 gnolls
  A howler monkey skeleton (D:5)
  A shadow imp (D:5)
  3 ufetubi
  An adder zombie (D:5)
  3 worms
  3 dart slugs
  2 orcs (D:4)
  6 endoplasms
  3 giant cockroaches
  10 goblins
  7 hobgoblins (D:2)
  8 kobolds
  6 quokkas
  8 ball pythons
  3 bats
  10 frilled lizards
  4 rats
107 creatures vanquished.

Notes
Turn   | Place    | Note
-------+----------+-------------------------------------------
     0 | D:1      | BillyBaka the Minotaur Fighter began the quest for the Orb.
     0 | D:1      | Reached XP level 1. HP: 19/19 MP: 0/0
    65 | D:1      | Found a faded altar of an unknown god.
   138 | D:1      | Reached XP level 2. HP: 13/27 MP: 1/1
   482 | D:1      | Reached skill level 3 in Polearms
   764 | D:2      | Reached skill level 1 in Dodging
   784 | D:2      | Noticed Jessica
   803 | D:2      | Killed Jessica
   804 | D:2      | Reached XP level 3. HP: 5/33 MP: 2/2
   965 | D:2      | Found Zasis's Magic Scroll Emporium.
   968 | D:2      | Bought a scroll of identify for 20 gold pieces
  1038 | D:2      | Reached XP level 4. HP: 34/40 MP: 3/3
  1066 | D:2      | Noticed Robin
  1088 | D:2      | Killed Robin
  1089 | D:2      | Reached skill level 4 in Polearms
  1174 | D:2      | Found Coexioc's Armour Shop.
  1616 | D:2      | Found Owivorur's Jewellery Boutique.
  1992 | D:3      | Found an iron altar of Okawaru.
  1997 | D:3      | Became a worshipper of Warmaster Okawaru
  2160 | D:3      | Reached XP level 5. HP: 43/47 MP: 4/4
  2317 | D:3      | Noticed Grinder
  2325 | D:3      | Killed Grinder
  2325 | D:3      | Reached * piety under Okawaru
  2326 | D:3      | Reached skill level 5 in Polearms
  2326 | D:3      | Reached XP level 6. HP: 37/55 MP: 5/5
  2853 | D:4      | Noticed an ice beast
  2857 | D:4      | Killed an ice beast
  2926 | D:4      | Found Gifiugh's Neck Hole.
  3087 | D:4      | Reached skill level 5 in Fighting
  3142 | D:4      | Identified the +2 scale mail "Cooteppo" {Fly rN+}
  3188 | D:4      | Reached skill level 5 in Shields
  3302 | D:4      | Found a sparkling altar of Nemelex Xobeh.
  3898 | D:5      | Entered Level 5 of the Dungeon
  3907 | D:5      | Reached skill level 5 in Armour
  3907 | D:5      | Reached XP level 7. HP: 60/61 MP: 6/6
  3964 | D:5      | Reached skill level 1 in Invocations
  3974 | D:5      | Reached skill level 6 in Polearms
  4001 | D:5      | Found a large runed translucent door.
  4001 | D:5      | Found a large runed translucent door.
  4094 | D:5      | Noticed a vampire mosquito
  4104 | D:5      | Found a large runed translucent door.
  4104 | D:5      | Found a large runed translucent door.
  4154 | D:5      | Reached ** piety under Okawaru
  4316 | D:5      | Found a hide-covered altar of Uskayaw.
  4482 | D:5      | Reached XP level 8. HP: 69/70 MP: 8/8
  4499 | D:5      | Noticed a two-headed ogre
  4508 | D:5      | HP: 3/70 [two-headed ogre/+0 great mace (5)]
  4509 | D:5      | Slain by a two-headed ogre

Illustrated notes

Levels and vault maps discovered:
D:1:      nicolae_arrival_memento_mori, layout_loops_ring,
          hellmonk_ecumenical_altar_pennies_from_heaven, minmay_misc_feat_alley
D:2:      layout_basic, serial_shops, shop, nicolae_shop_behind_doors, shop,
          uniq_jessica, uniq_robin
D:3:      layout_basic, okawaru_gym_becter, minmay_lizard_king, uniq_grinder
D:4:      layout_loops_ring, nemelex_xobeh_ov_fountains_minmay,
          grunt_ministairs_5, nicolae_shop_sticking_my_neck_out
D:5:      layout_rooms, nicolae_uskayaw_dance_hall, serial_undead,
          serial_undead_c, serial_undead_e, serial_undead_f, serial_undead_c,
          minmay_misc_feat_hallway, chequers_serial_rivers_micro_a,
          minmay_hollow_rounded_squares

Skill      XL: |  1  2  3  4  5  6  7 |
---------------+----------------------+-----
Polearms       | 3 4 5 6 |  6.7
Dodging        | 1 2 3 |  3.8
Armour         | 4 5 |  5.5
Shields        | 4 5 |  5.6
Fighting       | 4 5 |  5.7
Invocations    | 2 |  2.0

Action                     |  1- 3 |  4- 6 |  7- 9 || total
---------------------------+-------+-------+-------++-------
  Melee: Trident           |    84 |   135 |   107 ||   326
         Headbutt          |     5 |    28 |    17 ||    50
  Throw: Throwing net      |       |     1 |       ||     1
         Boomerang         |       |       |     1 ||     1
    Use: Scroll            |     2 |     3 |     1 ||     6
         Potion            |       |       |     1 ||     1
 Armour: Scale mail        |    16 |     5 |    45 ||    66
         Chain mail        |    13 |    28 |       ||    41
         Leather armour    |       |     1 |       ||     1
  Dodge: Dodged            |    24 |    42 |    44 ||   110
  Block: Buckler           |    17 |    18 |    23 ||    58
